 Dungeon Crawl Stone Soup version 0.28.0-53-g5a82cb258f (webtiles) character file.

Game seed: 1475586720089228126

198 MalarOregon the Shield-Bearer (level 5, 0/44 HPs)
             Began as a Palentonga Fighter on June 15, 2022.
             Slain by a gnoll
             ... wielding a +0 halberd
              (11 damage)
             ... on level 3 of the Dungeon.
             The game lasted 00:05:00 (3968 turns).

MalarOregon the Shield-Bearer (Palentonga Fighter)  Turns: 3968, Time: 00:05:01

Health: 0/44       AC: 10    Str: 19    XL:     5   Next: 47%
Magic:  8/8        EV:  4    Int: 11    God:
Gold:   73         SH:  0    Dex:  9    Spells: 8/8 levels left

rFire   . . .      SeeInvis +   l - +1 short sword (elec)
rCold   . . .      Faith    .   c - +0 buckler
rNeg    . . .      Spirit   .   b - +0 scale mail
rPois   .          Reflect  .   k - +0 helmet
rElec   .          Harm     .   (no cloak)
rCorr   .          Rampage  .   r - +2 pair of gloves {Stlth+}
Will    .....                   (no barding)
Stlth   +.........              (no amulet)
HPRegen 0.14/turn               (no ring)
MPRegen 0.11/turn               (no ring)

@: held
A: large, rugged brown scales 3, see invisible, deformed body, roll 1, armoured
tail
a: Rolling Charge


You were on level 3 of the Dungeon.
You visited 1 branch of the dungeon, and saw 4 of its levels.

You collected 73 gold pieces.


Innate Abilities, Weirdness & Mutations

You are completely covered in rugged brown scales. (AC +3, +7% HP)
You have supernaturally acute eyesight. (SInv)
Armour fits poorly on your strangely shaped body.
You can roll at nearby foes to attack.
You have a long armoured tail.


   Skills:
 + Level 4.0 Fighting
 - Level 2.0 Maces & Flails
 - Level 2.4 Armour
 * Level 4.0 Shields
 + Level 2.1 Spellcasting


You had 8 spell levels left.
You didn't know any spells.
Your spell library was empty.

Inventory:

Hand Weapons
 l - a +1 short sword of electrocution (weapon)
   (You took it off a kobold on level 2 of the Dungeon)
Missiles
 e - 7 poisoned darts
 f - a throwing net {!f}
Armour
 b - a +0 scale mail (worn)
 c - a +0 buckler (worn)
 k - a +0 helmet (worn)
   (You took it off Robin on level 2 of the Dungeon)
 r - a +2 pair of gloves of stealth (worn)
   (You found it on level 4 of the Dungeon)
Scrolls
 g - 3 scrolls of enchant armour {unknown}
 i - 2 scrolls of blinking {unknown}
 o - 2 scrolls of identify {unknown}
 p - 3 scrolls of teleportation {unknown}
 s - a scroll of brand weapon {unknown}
 t - a scroll of enchant weapon {unknown}
Potions
 a - a potion of invisibility {unknown}
 d - a potion of might
 h - a potion of lignification {unknown}
 j - 2 potions of flight {unknown}
 m - a potion of brilliance {unknown}
 n - 2 potions of heal wounds {unknown}
 q - 2 potions of curing {unknown}

Dungeon Overview and Level Annotations

Branches:
Dungeon (4/15)
 Temple: D:4-7

Altars:
Okawaru
Uskayaw

##### #...# #...#
#...#####################
#.....g.g.............(..
#..>..g.@.°..............
#...####.#...............
#..g# #.#.####......####
#...# #.#.. #..<...#


g.Kg. ..### #......# ....g. ### #......# #.[.... #......### #....... #........#
#####....# You could see 3 gnolls.


Message History

* * * LOW HITPOINT WARNING * * *
You completely miss the orc. The orc hits you with a +0 war axe.
* * * LOW HITPOINT WARNING * * *
You closely miss the orc.
You tail-slap the orc, but do no damage.
The orc barely misses you.
You barely miss the orc.
Your tail-slap misses the orc.
The orc barely misses you.
You closely miss the orc. The orc hits you with a +0 war axe.
* * * LOW HITPOINT WARNING * * *
You hit the orc.
You kill the orc!
You barely miss the quokka zombie. The quokka zombie barely misses you.
You puncture the quokka zombie!
Lightning courses through the quokka zombie!
You destroy the quokka zombie!
g - 3 scrolls labelled ISSOMU KOQOIWAT (gained 1)
You now have 73 gold pieces (gained 8).
o - 2 scrolls labelled PIPRAW ZOIPTE (gained 1)
Items here: ( )))) [[[[ †††.
You start resting.
Found 14 arrows.
A hobgoblin comes into view.
The hobgoblin shouts!
The hobgoblin wields a +0 hunting sling.
The hobgoblin shoots a stone.
The stone hits you but does no damage.
A hobgoblin is nearby!
The hobgoblin shoots a stone.
You block the stone.
Roll where?
Press: ? - help, Dir - move target, f - hobgoblin
Aim: a hobgoblin, wielding a +0 hunting sling and quivering stones You roll forward with a clatter of scales!
You puncture the hobgoblin!
Lightning courses through the hobgoblin!
You kill the hobgoblin!
t - a scroll labelled UHEMAD RUTZASI
Things that are here:
a +0 hunting sling; 10 stones
Found a stone staircase leading up.
There is a stone staircase leading up here.
A ball python comes into view.
The ball python hisses angrily.
You closely miss the ball python. The ball python barely misses you.
You hit the ball python. The ball python bites you.
You closely miss the ball python.
Your tail-slap misses the ball python.
The ball python bites you but does no damage. x2
You hit the ball python.
The ball python bites you but does no damage.
You closely miss the ball python. The ball python barely misses you.
You hit the ball python.
You kill the ball python!
No target in view!
You see here a ball python corpse.
Found 23 stones.
You see here 23 stones.
A ball python comes into view.
The ball python hisses angrily.
A ball python is nearby!
A ball python is nearby!
You barely miss the ball python. You block the ball python's attack.
You closely miss the ball python.
Your tail-slap misses the ball python.
The ball python bites you but does no damage.
You block the ball python's attack.
You closely miss the ball python. You block the ball python's attack.
You barely miss the ball python.
Your tail-slap misses the ball python.
The ball python bites you. The ball python barely misses you.
You hit the ball python.
Lightning courses through the ball python!
You kill the ball python!
No target in view!
Found a stone staircase leading up.
A gnoll is nearby!
A gnoll is nearby!
A gnoll is nearby!
The gnoll shouts! x2
The gnoll shouts!
The gnoll throws a throwing net.
The throwing net barely misses you.
You see here a throwing net {!f}.
Roll where?
Press: ? - help, Dir - move target, f - gnoll
Aim: a gnoll, wielding a +0 halberd You roll forward with a clatter of scales!
You closely miss the gnoll.
You hear a shout!
The gnoll hits you from afar with a +0 halberd.
You closely miss the gnoll. You tail-slap the gnoll!
The gnoll hits you with a +0 halberd! The gnoll barely misses you.
The gnoll throws a throwing net.
The throwing net hits you.
You become entangled in the net!
The gnoll hits you with a +0 halberd.
Okay, then.
You struggle against the net.
The gnoll hits you from afar with a +0 halberd.
The gnoll hits you with a +0 halberd!
* * * LOW HITPOINT WARNING * * *
You tear a large gash into the net.
The gnoll hits you but does no damage.
The gnoll hits you from afar with a +0 halberd.
* * * LOW HITPOINT WARNING * * *
The gnoll hits you with a +0 halberd!
You die...

Skill      XL: |  1  2  3  4 |
---------------+-------------+-----
Shields        | 3 4 |  4.0
Spellcasting   | 1 2 |  2.1
Fighting       | 4 |  4.0
Maces & Flails | |  2.0
Armour         | |  2.4

Action                   |  1- 3 |  4- 6 || total
-------------------------+-------+-------++-------
Melee: Flail             |   132 |     6 ||   138
       Tailslap          |    13 |     8 ||    21
       Short sword       |       |    97 ||    97
 Abil: Rolling Charge    |       |     5 ||     5
Armor: Scale mail        |    81 |    61 ||   142
Dodge: Dodged            |    49 |    36 ||    85
Block: Buckler           |    23 |    15 ||    38

Levels and vault maps discovered:
D:1:      ebering_hopf_link, layout_loops_ring
D:2:      layout_basic, hellmonk_ecumenical_altar_heavens_door, uniq_robin
D:3:      layout_basic, eat_drink_and_be_merry_uskayaw, minmay_quantized,
          uniq_crazy_yiuf_cottage
D:4:      layout_basic, okawaru_altar_gauntlet_db

Notes
Turn   | Place    | Note
-------+----------+-------------------------------------------
     0 | D:1      | MalarOregon the Palentonga Fighter began the quest for the
                  | Orb.
     0 | D:1      | Reached XP level 1. HP: 19/19 MP: 1/1
    68 | D:1      | HP: 3/19 [frilled lizard (3)]
   383 | D:1      | Reached XP level 2. HP: 16/25 MP: 2/2
  1028 | D:2      | Reached skill level 3 in Shields
  1087 | D:2      | Found a faded altar of an unknown god.
  1093 | D:2      | Reached skill level 1 in Spellcasting
  1121 | D:2      | Reached XP level 3. HP: 31/31 MP: 4/4
  1249 | D:2      | Noticed Robin
  1642 | D:2      | Killed Robin
  2032 | D:2      | Reached XP level 4. HP: 32/37 MP: 6/6
  2251 | D:3      | Found a hide-covered altar of Uskayaw.
  2288 | D:3      | You fall into a shaft and drop 1 floor!
  2995 | D:4      | Found an iron altar of Okawaru.
  3451 | D:3      | Noticed a bullfrog
  3459 | D:3      | Killed a bullfrog
  3460 | D:3      | Reached skill level 4 in Fighting
  3460 | D:3      | Reached skill level 4 in Shields
  3460 | D:3      | Reached skill level 2 in Spellcasting
  3460 | D:3      | Reached XP level 5. HP: 29/44 MP: 6/8
  3606 | D:3      | HP: 11/44 [orc/+0 war axe (3)]
  3968 | D:3      | HP: 11/44 [gnoll/+0 halberd (3)]
  3968 | D:3      | Slain by a gnoll

Vanquished Creatures
  A bullfrog (D:3)
  Robin (D:2)
  2 adders
  A gnoll (D:4)
  A worm (D:2)
  2 dart slugs (D:2)
  5 orcs
  5 bats
  6 endoplasms
  2 giant cockroaches
  13 goblins
  11 hobgoblins
  2 jackals (D:3)
  10 kobolds
  5 ball pythons
  4 frilled lizards
  A quokka zombie (D:3)
  4 rats
76 creatures vanquished.

Table legend:
 A = Non-vault XP
 B = Vault XP
 C = Vault XP percentage of total XP
 D = Non-vault monster count
 E = Vault monster count
 F = Vault count percentage of total count
                 A         B        C        D         E       F
            +---------+---------+-------+---------+---------+-------
      Total |     223 |      61 |  21.5 |      57 |      19 |  25.0
            +---------+---------+-------+---------+---------+-------
        D:1 |      25 |       7 |  21.9 |      17 |       4 |  19.0
        D:2 |      55 |      28 |  33.7 |      20 |       8 |  28.6
        D:3 |     119 |       1 |   0.8 |      12 |       1 |   7.7
        D:4 |      24 |      25 |  51.0 |       8 |       6 |  42.9
            +---------+---------+-------+---------+---------+-------

Illustrated notes

Table legend:
 A = Kills in this place as a percentage of kills in entire the game.
 B = Kills by you in this place as a percentage of kills by you in the entire game.
 C = Kills by friends in this place as a percentage of kills by friends in the entire game.
 D = Other kills in this place as a percentage of other kills in the entire game.
 E = Experience gained in this place as a percentage of experience gained in the entire game.
 F = Experience gained in this place divided by the number of levels of this place that you have seen.
                   A       B       C       D       E      F
               +-------+-------+-------+-------+-------+----------------------
         Total | 100.0 | 100.0 |   N/A |   N/A | 100.0 |  71.0
       Dungeon | 100.0 | 100.0 |   N/A |   N/A | 100.0 |  71.0
               +-------+-------+-------+-------+-------+----------------------

Table legend: (Time is in decaauts)
 A = Elapsed time spent in this place.
 B = Non-inter-level travel time spent in this place.
 C = Inter-level travel time spent in this place.
 D = Time resting spent in this place.
 E = Time spent auto-exploring this place.
 F = Levels seen in this place.
 G = Mean time per level.
                   A        B        C        D        E       F      G
               +--------+--------+--------+--------+--------+-----+--------+
         Total |   4029 |   3904 |    125 |    684 |   2652 |   4 | 1007.2 |
       Dungeon |   4029 |   3904 |    125 |    684 |   2652 |   4 | 1007.2 |
               +--------+--------+--------+--------+--------+-----+--------+

Top non-repeatable levels by time:
     D:1: 1209 daAuts
     D:4: 1126 daAuts
     D:2: 1085 daAuts
     D:3: 607 daAuts
